TOP OF THE 1ST |
Kannapolis Intimidators batting - Pitching for Charleston RiverDogs : RHP Soh Kawashima
|
Pitching: RHP Soh Kawashima
|
|
Batting: LHB John Thurman
|
0-0: Foul Ball, location: 2F 0-1: Swinging Strike 0-2: Ball 1-2: Ball 2-2: Strikes out swinging
|
Batting: RHB Mike Warzecha
|
0-0: Foul Ball, location: 2F 0-1: Ball 1-1: Ground out 4-3 (Groundball, 4, EV 103.8 MPH)
|
Batting: LHB Dustin Taylor
|
0-0: Ball 1-0: SINGLE (Groundball, 4MS, EV 60.6 MPH) (infield hit)
|
Batting: LHB Angel Tellez
|
0-0: Ball 1-0: Called Strike 1-1: Ball 2-1: Foul Ball, location: 2F 2-2: Strikes out swinging
|
Top of the 1st over - 0 runs, 1 hit, 0 errors, 1 left on base; Kannapolis 0 - Charleston 0 |
BOTTOM OF THE 1ST |
Charleston RiverDogs batting - Pitching for Kannapolis Intimidators : RHP Corey Dalton
|
Pitching: RHP Corey Dalton
|
|
Batting: RHB Miguel Leal
|
0-0: Foul Ball, location: 2F 0-1: Ball 1-1: Ball 2-1: Ground out 6-3 (Groundball, 56D, EV 85.6 MPH)
|
Batting: RHB Brandon Lemay
|
0-0: Called Strike 0-1: Ball 1-1: Foul Ball, location: 2F 1-2: Fly out, F8 (Flyball, 8LM, EV 81.9 MPH)
|
Batting: SHB Reagan Dudley
|
0-0: Ball 1-0: Ball 2-0: Ball 3-0: Base on Balls
|
Batting: RHB James Boynton
|
0-0: Ball 1-0: Ball 2-0: Foul Ball, location: 2F 2-1: Foul Ball, location: 2F 2-2: Foul Ball, location: 2F 2-2: Ground out 6-3 (Groundball, 6M, EV 111.2 MPH)
|
Bottom of the 1st over - 0 runs, 0 hits, 0 errors, 1 left on base; Kannapolis 0 - Charleston 0 |
TOP OF THE 2ND |
Kannapolis Intimidators batting - Pitching for Charleston RiverDogs : RHP Soh Kawashima
|
Batting: RHB Jose Medina
|
0-0: Foul Ball, location: 2F 0-1: Ball 1-1: Foul Ball, location: 2F 1-2: Fly out, F9 (Flyball, 9S, EV 86.9 MPH)
|
Batting: LHB Alberto Carrasco
|
0-0: Called Strike 0-1: Ball 1-1: Ground out U3 (Groundball, 13, EV 83.8 MPH)
|
Batting: RHB Micah Brown
|
0-0: Ball 1-0: Foul Ball, location: 2F 1-1: Swinging Strike 1-2: Ball 2-2: Ball 3-2: Base on Balls
|
Batting: RHB Tyrell Camp
|
0-0: Ball 1-0: Called Strike 1-1: Fly out, F8 (Flyball, 78D, EV 95.6 MPH)
|
Top of the 2nd over - 0 runs, 0 hits, 0 errors, 1 left on base; Kannapolis 0 - Charleston 0 |
BOTTOM OF THE 2ND |
Charleston RiverDogs batting - Pitching for Kannapolis Intimidators : RHP Corey Dalton
|
Batting: RHB Herb Craig
|
0-0: Ball 1-0: Foul Ball, location: 2F 1-1: Ball 2-1: Foul Ball, location: 2F 2-2: Strikes out swinging
|
Batting: SHB Mike Goad
|
0-0: Ball 1-0: SINGLE (Line Drive, 6D, EV 94.4 MPH)
|
Batting: LHB Eddie Ramirez
|
0-0: Called Strike Mike Goad steals 2nd base (no throw) 0-1: Ground out 5-3 (Groundball, 56, EV 85.6 MPH)
|
Batting: RHB Eric Blais
|
0-0: Foul Ball, location: 2F 0-1: Ball 1-1: Ball 2-1: Ball 3-1: Foul Ball, location: 2F 3-2: Ground out 6-3 (Groundball, 56, EV 91.9 MPH)
|
Bottom of the 2nd over - 0 runs, 1 hit, 0 errors, 1 left on base; Kannapolis 0 - Charleston 0 |
TOP OF THE 3RD |
Kannapolis Intimidators batting - Pitching for Charleston RiverDogs : RHP Soh Kawashima
|
Batting: RHB Danny Longoria
|
0-0: Ball 1-0: Swinging Strike 1-1: Ball 2-1: Foul Ball, location: 2F 2-2: Ball 3-2: Foul Ball, location: 2F 3-2: Strikes out swinging
|
Batting: LHB John Thurman
|
0-0: Ball 1-0: Swinging Strike 1-1: Foul Ball, location: 2F 1-2: Ball 2-2: DOUBLE (Line Drive, 7LS, EV 97.5 MPH)
|
Batting: RHB Mike Warzecha
|
0-0: Called Strike 0-1: Ball 1-1: Called Strike 1-2: Ball 2-2: Foul Ball, location: 2F 2-2: Ground out 3-1 (Groundball, 34S, EV 90.6 MPH) John Thurman to third
|
Batting: LHB Dustin Taylor
|
0-0: Ball 1-0: Called Strike 1-1: Ball 2-1: Foul Ball, location: 2F 2-2: Ball 3-2: Base on Balls
|
Batting: LHB Angel Tellez
|
0-0: Ball 1-0: Ball 2-0: Ground out U3 (Groundball, 3, EV 99.4 MPH)
|
Top of the 3rd over - 0 runs, 1 hit, 0 errors, 2 left on base; Kannapolis 0 - Charleston 0 |
BOTTOM OF THE 3RD |
Charleston RiverDogs batting - Pitching for Kannapolis Intimidators : RHP Corey Dalton
|
Batting: RHB Carlos Guadarrama
|
0-0: Called Strike 0-1: Ball 1-1: Swinging Strike 1-2: Ball 2-2: Fly out, F7 (Flyball, 7S, EV 75.6 MPH)
|
Batting: RHB Miguel Leal
|
0-0: Swinging Strike 0-1: Swinging Strike 0-2: Ball 1-2: Strikes out swinging
|
Batting: RHB Brandon Lemay
|
0-0: Ball 1-0: Ball 2-0: Foul Ball, location: 2F 2-1: Ball 3-1: Foul Ball, location: 2F 3-2: Strikes out swinging, 2-3 out at first.
|
Bottom of the 3rd over - 0 runs, 0 hits, 0 errors, 0 left on base; Kannapolis 0 - Charleston 0 |
TOP OF THE 4TH |
Kannapolis Intimidators batting - Pitching for Charleston RiverDogs : RHP Soh Kawashima
|
Batting: RHB Jose Medina
|
0-0: Ground out 6-3 (Groundball, 6, EV 83.8 MPH)
|
Batting: LHB Alberto Carrasco
|
0-0: Called Strike 0-1: Ball 1-1: Ball 2-1: Foul Ball, location: 2F 2-2: Strikes out swinging
|
Batting: RHB Micah Brown
|
0-0: Ball 1-0: Ground out 6-3 (Groundball, 6, EV 83.8 MPH)
|
Top of the 4th over - 0 runs, 0 hits, 0 errors, 0 left on base; Kannapolis 0 - Charleston 0 |
BOTTOM OF THE 4TH |
Charleston RiverDogs batting - Pitching for Kannapolis Intimidators : RHP Corey Dalton
|
Batting: SHB Reagan Dudley
|
0-0: Foul Ball, location: 2F 0-1: Swinging Strike 0-2: Ball 1-2: DOUBLE (Line Drive, 89XD, EV 108.8 MPH)
|
Batting: RHB James Boynton
|
0-0: Ball 1-0: Called Strike 1-1: Called Strike 1-2: Ball 2-2: Ball 3-2: Base on Balls
|
Batting: RHB Herb Craig
|
0-0: Called Strike 0-1: Ball 1-1: Called Strike 1-2: Foul Ball, location: 2F 1-2: Foul Ball, location: 2F 1-2: Ball 2-2: Ball 3-2: TRIPLE (Groundball, 3L, EV 107.5 MPH) Reagan Dudley scores James Boynton scores
|
Batting: SHB Mike Goad
|
0-0: Called Strike 0-1: Called Strike 0-2: Foul Ball, location: 2F 0-2: Ground out U3 (Groundball, 23, EV 83.8 MPH)
|
Batting: LHB Eddie Ramirez
|
0-0: Called Strike 0-1: Fly out, F6 (Popup, 6M, EV 48.8 MPH)
|
Batting: RHB Eric Blais
|
0-0: Ball 1-0: Ball 2-0: Foul Ball, location: 2F 2-1: Called Strike 2-2: SINGLE (Groundball, 56D, EV 100.0 MPH) Herb Craig scores
|
Batting: RHB Carlos Guadarrama
|
0-0: Ball 1-0: Fly out, F9 (Flyball, 9S, EV 87.5 MPH)
|
Bottom of the 4th over - 3 runs, 3 hits, 0 errors, 1 left on base; Kannapolis 0 - Charleston 3 |
TOP OF THE 5TH |
Kannapolis Intimidators batting - Pitching for Charleston RiverDogs : RHP Soh Kawashima
|
Batting: RHB Tyrell Camp
|
0-0: Fly out, F6 (Popup, 6M, EV 75.0 MPH)
|
Batting: RHB Danny Longoria
|
0-0: Called Strike 0-1: Ball 1-1: Swinging Strike 1-2: Ground out 1-3 (Groundball, 13S, EV 66.9 MPH)
|
Batting: LHB John Thurman
|
0-0: Ground out 6-3 (Groundball, 6M, EV 88.1 MPH)
|
Top of the 5th over - 0 runs, 0 hits, 0 errors, 0 left on base; Kannapolis 0 - Charleston 3 |
BOTTOM OF THE 5TH |
Charleston RiverDogs batting - Pitching for Kannapolis Intimidators : RHP Corey Dalton
|
Batting: RHB Miguel Leal
|
0-0: Ball 1-0: Ball 2-0: SINGLE (Groundball, 4S, EV 66.2 MPH) (infield hit)
|
Batting: RHB Brandon Lemay
|
0-0: Called Strike 0-1: Foul Ball, location: 2F 0-2: Ball 1-2: Foul Ball, location: 2F 1-2: Ball 2-2: SINGLE (Groundball, 6MD, EV 109.4 MPH) Miguel Leal to second Runner from 2nd tries for 3rd, SAFE, throw by CF made to third
|
Batting: SHB Reagan Dudley
|
0-0: Foul Ball, location: 2F 0-1: Foul Ball, location: 2F 0-2: Foul Ball, location: 2F 0-2: Ball 1-2: Foul Ball, location: 2F 1-2: Ball 2-2: Fly out, F8 (Flyball, 8RXD, EV 96.2 MPH) Runner from 3rd tags up, SCORES, no throw by CF
|
Batting: RHB James Boynton
|
0-0: Foul Ball, location: 2F 0-1: Ball 1-1: Foul Ball, location: 2F 1-2: SINGLE (Groundball, 34D, EV 100.6 MPH) Brandon Lemay to second Runner from 2nd tries for 3rd, SAFE, throw by RF made to third James Boynton to second
|
Batting: RHB Herb Craig
|
0-0: Ball 1-0: Called Strike 1-1: Swinging Strike 1-2: Strikes out swinging
|
Batting: SHB Mike Goad
|
0-0: Called Strike 0-1: Swinging Strike 0-2: Ball 1-2: Ground out 6-3 (Groundball, 6, EV 110.6 MPH)
|
Bottom of the 5th over - 1 run, 3 hits, 0 errors, 2 left on base; Kannapolis 0 - Charleston 4 |
TOP OF THE 6TH |
Kannapolis Intimidators batting - Pitching for Charleston RiverDogs : RHP Soh Kawashima
|
Batting: RHB Mike Warzecha
|
0-0: Called Strike 0-1: Foul Ball, location: 2F 0-2: Strikes out swinging
|
Batting: LHB Dustin Taylor
|
0-0: Ball 1-0: Ball 2-0: Foul Ball, location: 2F 2-1: Foul Ball, location: 2F 2-2: Foul Ball, location: 2F 2-2: Foul Ball, location: 2F 2-2: Fly out, F9 (Line Drive, 9D, EV 91.2 MPH)
|
Batting: LHB Angel Tellez
|
0-0: Ground out U3 (Groundball, 34S, EV 82.5 MPH)
|
Top of the 6th over - 0 runs, 0 hits, 0 errors, 0 left on base; Kannapolis 0 - Charleston 4 |
BOTTOM OF THE 6TH |
Charleston RiverDogs batting - Pitching for Kannapolis Intimidators : RHP Corey Dalton
|
Pitching: LHP Ienari Kitahara
|
|
Batting: LHB Eddie Ramirez
|
0-0: Called Strike 0-1: Ball 1-1: Ball 2-1: Ball 3-1: Ground out 4-3 (Groundball, 4, EV 83.8 MPH)
|
Batting: RHB Eric Blais
|
0-0: Ball 1-0: Called Strike 1-1: Reached on error, E5 (Groundball, 56, EV 95.6 MPH)
|
Batting: RHB Carlos Guadarrama
|
0-0: Ball 1-0: Swinging Strike 1-1: Called Strike 1-2: Strikes out looking Eric Blais steals 2nd, throwing error, E2 Eric Blais to third
|
Batting: RHB Miguel Leal
|
0-0: Ball 1-0: Ball 2-0: Foul Ball, location: 2F 2-1: Swinging Strike 2-2: Ball 3-2: Base on Balls
|
Batting: RHB Brandon Lemay
|
0-0: Ball 1-0: Swinging Strike 1-1: Foul Ball, location: 2F 1-2: Foul Ball, location: 2F 1-2: Strikes out swinging
|
Bottom of the 6th over - 0 runs, 0 hits, 2 errors, 2 left on base; Kannapolis 0 - Charleston 4 |
TOP OF THE 7TH |
Kannapolis Intimidators batting - Pitching for Charleston RiverDogs : RHP Soh Kawashima
|
Batting: RHB Jose Medina
|
0-0: Ground out 4-3 (Groundball, 4, EV 90.0 MPH)
|
Batting: LHB Alberto Carrasco
|
0-0: Ball 1-0: Called Strike 1-1: DOUBLE (Groundball, 3L, EV 100.0 MPH)
|
Batting: RHB Micah Brown
|
0-0: Ball 1-0: SINGLE (Line Drive, 34D, EV 106.2 MPH) Alberto Carrasco to third
|
Pitching: RHP Luis Aceves
|
|
Batting: RHB Tyrell Camp
|
0-0: Ball 1-0: Foul Ball, location: 2F 1-1: Ball 2-1: Foul Ball, location: 2F 2-2: Foul Ball, location: 2F 2-2: Strikes out swinging
|
Batting: RHB Danny Longoria
|
0-0: Ball 1-0: Ball 2-0: Ball 3-0: Base on Balls Micah Brown to second
|
Batting: LHB John Thurman
|
0-0: Called Strike 0-1: Ball 1-1: Swinging Strike 1-2: Ball 2-2: Ball 3-2: Base on Balls Alberto Carrasco scores Micah Brown to third Danny Longoria to second
|
Batting: RHB Mike Warzecha
|
0-0: Ground out U3 (Groundball, 13, EV 82.5 MPH)
|
Top of the 7th over - 1 run, 2 hits, 0 errors, 3 left on base; Kannapolis 1 - Charleston 4 |
BOTTOM OF THE 7TH |
Charleston RiverDogs batting - Pitching for Kannapolis Intimidators : LHP Ienari Kitahara
|
Pitching: RHP Juan Estrada
|
|
Batting: SHB Reagan Dudley
|
0-0: Foul Ball, location: 2F 0-1: Ball 1-1: Fly out, F5 (Popup, 5, EV 58.8 MPH)
|
Batting: RHB James Boynton
|
0-0: Called Strike 0-1: Ball 1-1: Foul Ball, location: 2F 1-2: Foul Ball, location: 2F 1-2: Ball 2-2: Foul Ball, location: 2F 2-2: Fly out, F7 (Flyball, 78XD, EV 105.0 MPH)
|
Batting: RHB Herb Craig
|
0-0: Ball 1-0: Ball 2-0: Called Strike 2-1: Ground out 5-3 (Groundball, 56, EV 78.8 MPH)
|
Bottom of the 7th over - 0 runs, 0 hits, 0 errors, 0 left on base; Kannapolis 1 - Charleston 4 |
TOP OF THE 8TH |
Kannapolis Intimidators batting - Pitching for Charleston RiverDogs : RHP Luis Aceves
|
Pitching: RHP Aaron Brill
|
|
Batting: LHB Dustin Taylor
|
0-0: Swinging Strike 0-1: Foul Ball, location: 2F 0-2: Strikes out looking
|
Batting: LHB Angel Tellez
|
0-0: Foul Ball, location: 2F 0-1: Foul Ball, location: 2F 0-2: Foul Ball, location: 2F 0-2: Ball 1-2: Ball 2-2: Ball 3-2: Foul Ball, location: 2F 3-2: SOLO HOME RUN (Flyball, 7D, EV 107.5 MPH), Distance : 423 ft
|
Batting: RHB Jose Medina
|
0-0: Foul Ball, location: 2F 0-1: Foul Ball, location: 2F 0-2: Reached on error, E4 (Groundball, 4, EV 89.4 MPH)
|
Batting: LHB Alberto Carrasco
|
0-0: Ball 1-0: SINGLE (Line Drive, 7S, EV 87.5 MPH) Jose Medina to second
|
Batting: RHB Micah Brown
|
0-0: Called Strike 0-1: Foul Ball, location: 2F 0-2: Foul Ball, location: 2F 0-2: Ball 1-2: Fly out, F8 (Line Drive, 8RM, EV 91.2 MPH)
|
Pinch Hitting: LHB Joe Kirkland
|
0-0: Ball 1-0: Ball 2-0: Ground out 4-3 (Groundball, 34, EV 86.9 MPH)
|
Top of the 8th over - 1 run, 2 hits, 1 error, 2 left on base; Kannapolis 2 - Charleston 4 |
BOTTOM OF THE 8TH |
Charleston RiverDogs batting - Pitching for Kannapolis Intimidators : RHP Juan Estrada
|
Pitching: LHP Nick Egner
|
|
Now at 1B: Benny O'Connor
|
|
Batting: SHB Mike Goad
|
0-0: Called Strike 0-1: Ball 1-1: Foul Ball, location: 2F 1-2: Strikes out swinging
|
Batting: LHB Eddie Ramirez
|
0-0: Ball 1-0: Foul Ball, location: 2F 1-1: Foul Ball, location: 2F 1-2: DOUBLE (Groundball, 3L, EV 103.8 MPH)
|
Batting: RHB Eric Blais
|
0-0: Intentional Walk
|
Batting: RHB Carlos Guadarrama
|
0-0: Ball 1-0: Foul Ball, location: 2F 1-1: DOUBLE (Line Drive, 8RXD, EV 97.5 MPH) Eddie Ramirez scores Eric Blais to third Runner from 3rd tries for Home, SAFE, throw by CF to trailing runner, SAFE at third!
|
Batting: RHB Miguel Leal
|
0-0: Called Strike 0-1: Ball 1-1: Swinging Strike 1-2: Hit by Pitch
|
Batting: RHB Brandon Lemay
|
0-0: Ball Miguel Leal steals 2nd base 1-0: Ground out 5-3 (Groundball, 56, EV 100.6 MPH) Carlos Guadarrama scores
|
Batting: SHB Reagan Dudley
|
0-0: Ground out 6-3 (Groundball, 6, EV 101.2 MPH)
|
Bottom of the 8th over - 3 runs, 2 hits, 0 errors, 1 left on base; Kannapolis 2 - Charleston 7 |
TOP OF THE 9TH |
Kannapolis Intimidators batting - Pitching for Charleston RiverDogs : RHP Aaron Brill
|
Batting: RHB Danny Longoria
|
0-0: Called Strike 0-1: Fly out, F8 (Flyball, 8RS, EV 74.4 MPH)
|
Batting: LHB John Thurman
|
0-0: Called Strike 0-1: Ball 1-1: Called Strike 1-2: Strikes out swinging
|
Batting: RHB Mike Warzecha
|
0-0: Ground out 4-3 (Groundball, 4, EV 85.0 MPH)
|
Top of the 9th over - 0 runs, 0 hits, 0 errors, 0 left on base; Kannapolis 2 - Charleston 7 |
|